 Dungeon Crawl Stone Soup version 0.26-a0-712-ga5a9c9c9d0 (webtiles) character file.

Game seed: 15700072803208636562

77 tilp the Sneak (level 4, -8/21 HPs)
             Began as a Spriggan Enchanter on Nov 9, 2020.
             Killed by divine providence
             ... invoked by an orc priest
              (14 damage)
             ... on level 2 of the Dungeon.
             The game lasted 00:04:19 (2322 turns).

tilp the Sneak (Spriggan Enchanter)                 Turns: 2322, Time: 00:04:19

Health: -8/21      AC:  2    Str:  4    XL:     4   Next: 13%
Magic:  9/9        EV: 18    Int: 17    God:
Gold:   37         SH:  0    Dex: 16    Spells: 2/8 levels left

rFire    . . .     SeeInvis +   a - +1 dagger
rCold    . . .     Faith    .   (shield restricted)
rNeg     + . .     Spirit   .   f - +0 robe
rPois    .         Reflect  .   (helmet restricted)
rElec    .         Harm     .   (no cloak)
rCorr    .         Rampage  .   (gloves unavailable)
MR       .....                  (boots unavailable)
Stlth    +++.......             (no amulet)
HPRegen  0.07/turn              l - ring of positive energy
MPRegen  0.11/turn              (no ring)

@: very slightly contaminated, very quick
A: very small, unfitting armour, see invisible, speed 3
a: no special abilities


You were on level 2 of the Dungeon.
You visited 1 branch of the dungeon, and saw 2 of its levels.

You collected 37 gold pieces.

Inventory:

Hand Weapons
 a - a +1 dagger (weapon)
 b - a +1 whip of flaming
Missiles
 d - 6 atropa-tipped darts
 n - 25 poisoned darts (quivered)
 o - 2 throwing nets
Armour
 f - a +0 robe (worn)
Jewellery
 l - a ring of positive energy (left hand)
Scrolls
 c - a scroll of remove curse
 e - a scroll of teleportation {unknown}
 k - 2 scrolls of amnesia
 m - a scroll of identify {unknown}
Potions
 g - a potion of haste {unknown}
 h - a potion of magic
 i - 3 potions of heal wounds {unknown}
 j - a potion of stabbing {unknown}


   Skills:
 + Level 3.1 Short Blades
 - Level 3.0 Dodging
 + Level 6.3 Stealth
 - Level 2.6 Spellcasting
 - Level 3.6 Hexes


You had 2 spell levels left.
You knew the following spells:

 Your Spells              Type           Power        Failure   Level
a - Corona                Hex            ##.....      4%          1
b - Ensorcelled Hibernat  Hex/Ice        #.....       13%         2
c - Confusing Touch       Hex            ##......     12%         3

Your spell library contained the following spells:

 Spells                   Type           Power        Failure   Level
 Tukima's Dance           Hex            ##......     12%         3
 Dazzling Flash           Conj/Hex       #.....       26%         3


Dungeon Overview and Level Annotations

Branches:
Dungeon (2/15)

Altars:
Fedhas


Innate Abilities, Weirdness & Mutations

You are very small and have problems with some larger weapons.
You are too small for most types of armour.
You have supernaturally acute eyesight. (SInv)
You cover ground extremely quickly.


Message History

Aim: an orc priest, wielding a +2 flail of holy wrath (chance to defeat MR: 39%)
You miscast Ensorcelled Hibernation.
You are very lightly contaminated with residual magic.
Nothing appears to happen.
Casting: Ensorcelled Hibernation (safe; 13% risk of failure)
Confirm with . or Enter, or press ? or * to list all spells.
Aiming: Ensorcelled Hibernation (safe; 13% risk of failure)
Press: ? - help, Shift-Dir - straight line, f/p - orc priest
Aim: an orc priest, wielding a +2 flail of holy wrath (chance to defeat MR: 39%)
The orc priest resists with some effort.
The orc priest invokes the aid of Beogh against you.
Beogh smites you!
Ouch! That really hurt!
* * * LOW HITPOINT WARNING * * *
Unknown command.
It was a potion of magic.
Magic courses through your body.
The orc priest mumbles some strange prayers to Beogh against you.
Beogh smites you!
Ouch! That really hurt!
You die...

.##..###.#
#.# .....#
#.# #.#
.##..###.#
#.#
#.#......#
#.#
##.......#
#.#
#.....####
#.#
.....##
#.# ####.#
######.#
#.#
#.oo@..#
#.#
#†######
#.# #.#
#.# #.#
#o# #(#
#o# #(#
#.#


You could see an orc priest and an orc.

Vanquished Creatures
  An orc priest (D:2)
  An adder (D:2)
  An ooze (D:1)
  A dart slug (D:1)
  A giant cockroach (D:2)
  5 goblins (D:1)
  3 hobgoblins (D:1)
  3 bats (D:1)
  6 frilled lizards
  7 kobolds (D:1)
  6 rats
35 creatures vanquished.

Notes
Turn   | Place    | Note
-------+----------+-------------------------------------------
     0 | D:1      | tilp the Spriggan Enchanter began the quest for the Orb.
     0 | D:1      | Reached XP level 1. HP: 9/9 MP: 5/5
   850 | D:1      | Reached XP level 2. HP: 13/13 MP: 3/6
   856 | D:1      | Learned a level 2 spell: Ensorcelled Hibernation
   890 | D:1      | Reached skill level 5 in Stealth
  1447 | D:1      | Reached XP level 3. HP: 15/16 MP: 0/8
  1452 | D:1      | Learned a level 3 spell: Confusing Touch
  2080 | D:2      | Found a blossoming altar of Fedhas.
  2309 | D:2      | Reached skill level 6 in Stealth
  2309 | D:2      | Reached XP level 4. HP: 21/21 MP: 6/9
  2322 | D:2      | Killed from afar by an orc priest

Illustrated notes

Levels and vault maps discovered:
D:1:      dpeg_arrival_prison, layout_basic, minmay_tromino_v7
D:2:      layout_loops_ring, lemuel_doored_altar, grunt_temple_overflow_open,
          kennysheep_generic_room_8

Skill      XL: |  1  2  3 |
---------------+----------+-----
Stealth        | 5 6 |  6.3
Short Blades   | 2 3 |  3.1
Dodging        | |  3.0
Spellcasting   | |  2.6
Hexes          | |  3.6

Action                   |  1- 3 |  4- 6 || total
-------------------------+-------+-------++-------
Melee: Dagger            |    94 |       ||    94
Throw: Stone             |     3 |       ||     3
       Dart              |       |     4 ||     4
 Cast: Corona            |     7 |       ||     7
       Ensorcelled Hiber |    11 |     2 ||    13
  Use: Scroll            |     2 |       ||     2
       Potion            |       |     1 ||     1
 Stab: Sleeping          |    13 |       ||    13
Armor: Robe              |     6 |       ||     6
Dodge: Dodged            |    60 |       ||    60

Table legend: (Time is in decaauts)
 A = Elapsed time spent in this place.
 B = Non-inter-level travel time spent in this place.
 C = Inter-level travel time spent in this place.
 D = Time resting spent in this place.
 E = Time spent auto-exploring this place.
 F = Levels seen in this place.
 G = Mean time per level.
                   A        B        C        D        E       F      G
               +--------+--------+--------+--------+--------+-----+--------+
         Total |   1888 |   1855 |     33 |    978 |    511 |   2 |  944.0 |
       Dungeon |   1888 |   1855 |     33 |    978 |    511 |   2 |  944.0 |
               +--------+--------+--------+--------+--------+-----+--------+

Top non-repeatable levels by time:
     D:1: 1511 daAuts
     D:2: 376 daAuts
